 Dungeon Crawl Stone Soup version 0.18.1-48-g4cf74bf (webtiles) character file.

2661 Krapule the Covert (level 9, -2/63 HPs)
             Began as an Octopode Monk on Aug 22, 2016.
             Was an Elder of Cheibriados.
             Slain by Gartch4's ghost (9 damage)
             ... on level 3 of the Dungeon.
             The game lasted 00:44:49 (6565 turns).

Krapule the Covert (Octopode Monk)                  Turns: 6565, Time: 00:44:49

Health: -2/63      AC:  7    Str: 25    XL:     9   Next: 63%
Magic:  0/21       EV: 19    Int: 25    God:    Cheibriados [****..]
Gold:   189        SH:  0    Dex: 26    Spells: 0 memorised, 12 levels left

rFire  . . .     SeeInvis +     F - +5 scimitar "Oshud" {holy, +Inv rC+ Int+4 SInv}
rCold  + + .     Gourm    +     (no shield)
rNeg   . . .     Faith    .     z - +1 hat {Spirit}
rPois  +         Spirit   +     y - amulet of the gourmand
rElec  .         Dismiss  .     b - +5 ring of protection
rCorr  +         Reflect  .     c - ring of resist corrosion
SustAt .         Harm     .     l - ring of magical power
MR     .....                    m - ring of protection from cold
Stlth  ++++++....               H - ring of poison resistance
                                (no ring)
                                (no ring)
                                (no ring)

@: mighty, about to teleport, very slow, not resistant to hostile enchantments,
very stealthy
A: almost no armour, amphibious, 8 rings, constrict 8, camouflage 1, gelatinous
body 1
a: Bend Time, Temporal Distortion, Slouch, Renounce Religion, Evoke Invisibility


You were on level 3 of the Dungeon.
You worshipped Cheibriados.
Cheibriados was greatly pleased with you.
You were completely stuffed.

You visited 1 branch of the dungeon, and saw 7 of its levels.

You collected 358 gold pieces.
You spent 169 gold pieces at shops.

Inventory:

Hand Weapons
 F - the +5 scimitar "Oshud" (weapon) {holy, +Inv rC+ Int+4 SInv}
   (You found it on level 7 of the Dungeon)

   It has been blessed by the Shining One to cause great damage to the undead
   and demons.
   It affects your intelligence (+4).
   It protects you from cold.
   It lets you see invisible.
   It lets you turn invisible.
Missiles
 v - 4 poisoned tomahawks (quivered)
 w - 14 tomahawks
Armour
 z - a +1 hat of spirit shield (worn)
Jewellery
 b - a +5 ring of protection (left tentacle)
 c - a ring of resist corrosion (right tentacle)
 l - a ring of magical power (on tentacle)
 m - a ring of protection from cold (on tentacle)
 y - an amulet of the gourmand (around mantle)
 H - a ring of poison resistance (on tentacle)
Wands
 A - a wand of paralysis (0/24)
Scrolls
 f - 2 scrolls of recharging {unknown}
 g - a scroll of noise {unknown}
 h - a scroll of amnesia
 i - a scroll of fog {unknown}
 k - a scroll of magic mapping {unknown}
 n - 5 scrolls of remove curse
 o - a scroll of random uselessness {unknown}
 p - a scroll of fear
 r - a scroll of teleportation
 x - a scroll of immolation {unknown}
Potions
 d - a potion of brilliance
 e - 2 potions of might
 j - 7 potions of curing
 q - a potion of ambrosia
 t - a potion of cure mutation
 D - a potion of haste {unknown}
 G - a potion of lignification {unknown}
Books
 E - a book of Annihilations

   Spells                             Type                      Level
   a - Poison Arrow                   Conjuration/Poison           6
   b - Chain Lightning                Conjuration/Air              8
   c - Lehudib's Crystal Spear        Conjuration/Earth            8
   d - Glaciate                       Conjuration/Ice              9
   e - Fire Storm                     Conjuration/Fire             9
Comestibles
 a - 5 bread rations
 s - 3 fruits
 u - a beef jerky
 B - 2 meat rations


   Skills:
 + Level 6.6 Fighting
 + Level 6.4 Dodging
 + Level 8.9 Stealth
 + Level 7.1 Unarmed Combat
 - Level 2.0 Spellcasting
 + Level 4.6 Invocations


You had 12 spell levels left.
You didn't know any spells.

Dungeon Overview and Level Annotations

Branches:
Dungeon (7/15)             Temple (0/1) D:5

Altars:
Ashenzari
Cheibriados
Okawaru
Sif Muna
Trog
Yredelemnul
Zin

Shops:
D:4 [   D:7 %(}%

Annotations:
D:3 Gartch4's ghost, novice TrAM


Innate Abilities, Weirdness & Mutations

You cannot wear most types of armour.
You are amphibious.
You can wear up to eight rings at the same time.
You can use your tentacles to constrict eight enemies at once.
Your skin changes colour to match your surroundings (Stealth).
Your rubbery body absorbs attacks (AC +1).


Message History

Cheibriados says: Take it easy.
Press ? for a list of commands and other information.
Read which item? (? for menu, Esc to quit)
As you read the scroll labeled TEAMOYSEFA, it crumbles to dust.
It is a scroll of amnesia.
You feel forgetful for a moment. Gartch4's ghost hits you!
* * * LOW HITPOINT WARNING * * *
Read which item? (? for menu, Esc to quit)
As you read the scroll labeled WEJISOUTAPT, it crumbles to dust.
You assume a fearsome visage.
Gartch4's ghost is unaffected.
It was a scroll of fear.
Gartch4's ghost closely misses you.
Okay, then.
Drink which item? (? for menu, Esc to quit)
You feel very mighty all of a sudden. Gartch4's ghost barely misses you.
Read which item? (? for menu, Esc to quit)
As you read the scroll labeled VAPPAC RUQALI, it crumbles to dust.
You feel strangely unstable.
It was a scroll of teleportation.
Gartch4's ghost hits you!
You die...

....))................#._.#......
...#.##..#..##.#####...#.#......#
...............# ##...#...†#..#
...#.#...#..##.# #........#..#
.....#...#..##.# ####.##..#..#
...............#########.##..#..#
.##..#...#..##.#.............#..#
.##..#...#..##.#.#######.##..#..#
...............W@........##..#..#
...........###.#.####.##.#...#..#
###..#...#.###.#............##..#
.........................#..##..#
.###.............#.#####.#..##..#
.###...#.#.......................
.......#.#..##.#.#.#####.#..##..#
.###...#.#..........# #.#..##..#
............##.#.#..####.#..##).#


You could see Gartch4's ghost.

Vanquished Creatures
  2 steam dragons (D:7)
  A hungry ghost (D:7)
  Menkaure (D:7)
  A water moccasin (D:6)
  2 orc warriors
  5 ogres
  A sky beast (D:7)
  2 ice beasts
  A centaur (D:7)
  2 big kobolds (D:7)
  A giant frog (D:6)
  3 wights (D:6)
  A jelly (D:7)
  4 crimson imps
  A giant frog zombie (D:5)
  An orc priest (D:6)
  A hound (D:5)
  2 orc wizards (D:6)
  Natasha (thrice) (D:4)
  3 worker ants
  A hound zombie (D:5)
  2 hound skeletons
  A worker ant zombie (D:7)
  A howler monkey skeleton (D:7)
  5 adders
  3 shadow imps
  2 oozes
  2 worms (D:4)
  2 dart slugs
  7 giant geckos
  23 orcs
  A ball python (D:1)
  9 bats
  8 giant cockroaches
  7 hobgoblins
  13 jackals
  3 quokkas
  A giant gecko skeleton (D:7)
  8 giant newts
  9 goblins
  11 kobolds
  8 rats
165 creatures vanquished.

Vanquished Creatures (others)
  A howler monkey zombie (D:7)
1 creature vanquished.

Grand Total: 166 creatures vanquished

Notes
Turn   | Place    | Note
--------------------------------------------------------------
     0 | D:1      | Krapule the Octopode Monk began the quest for the Orb.
     0 | D:1      | Reached XP level 1. HP: 16/16 MP: 1/1
    21 | D:1      | Reached skill level 1 in Spellcasting
    21 | D:1      | Reached XP level 2. HP: 10/21 MP: 1/3
   547 | D:1      | Reached skill level 3 in Stealth
   579 | D:1      | Reached XP level 3. HP: 26/26 MP: 4/4
  1131 | D:2      | Reached XP level 4. HP: 30/31 MP: 6/6
  1587 | D:3      | Found an iron altar of Okawaru.
  1615 | D:3      | Reached skill level 4 in Stealth
  1771 | D:3      | Noticed Gartch4's ghost (novice TrAM)
  1942 | D:4      | Noticed an ogre
  2042 | D:4      | Found a shattered altar of Ashenzari.
  2193 | D:3      | Reached XP level 5. HP: 35/36 MP: 7/7
  3344 | D:4      | Noticed Natasha
  3349 | D:4      | Killed Natasha
  3349 | D:4      | Reached XP level 6. HP: 36/43 MP: 9/9
  3355 | D:4      | Noticed Natasha
  3357 | D:4      | Killed Natasha
  3430 | D:4      | Noticed Natasha
  3437 | D:4      | Killed Natasha
  3437 | D:4      | Reached skill level 5 in Stealth
  3437 | D:4      | Reached skill level 5 in Unarmed Combat
  3488 | D:4      | Found Lalugg's Armour Shop.
  3504 | D:5      | Entered Level 5 of the Dungeon
  3542 | D:5      | Noticed an ice beast
  3825 | D:5      | Reached XP level 7. HP: 48/48 MP: 10/10
  3917 | D:4      | Bought a +1 hat of spirit shield for 169 gold pieces
  4185 | D:5      | Reached skill level 6 in Stealth
  4285 | D:5      | Found a snail-covered altar of Cheibriados.
  4286 | D:5      | Found a glowing silver altar of Zin.
  4290 | D:5      | Became a worshipper of Cheibriados the Contemplative
  4290 | D:5      | Reached * piety under Cheibriados
  4290 | D:5      | Reached ** piety under Cheibriados
  4397 | D:5      | Found a staircase to the Ecumenical Temple.
  4571 | D:6      | Reached skill level 1 in Invocations
  4598 | D:6      | Found a deep blue altar of Sif Muna.
  4677 | D:6      | Reached XP level 8. HP: 49/54 MP: 11/11
  4747 | D:6      | Reached skill level 5 in Fighting
  4747 | D:6      | Reached skill level 5 in Dodging
  4954 | D:6      | Reached skill level 7 in Stealth
  4987 | D:6      | Found a basalt altar of Yredelemnul.
  5360 | D:7      | Found Faprarudd's Weapon Boutique.
  5462 | D:7      | Found Oqemieme's Gadget Shoppe.
  5466 | D:7      | Reached *** piety under Cheibriados
  5533 | D:7      | Reached XP level 9. HP: 59/62 MP: 12/12
  5602 | D:7      | Got a slimy scimitar
  5603 | D:7      | Identified the +5 scimitar "Oshud" {holy, +Inv rC+ Int+4 SInv} (You found it on level 7 of the Dungeon)
  5637 | D:7      | Reached skill level 8 in Stealth
  5657 | D:7      | Noticed Menkaure
  5663 | D:7      | Killed Menkaure
  6039 | D:7      | Found Noconosh's Food Shop.
  6040 | D:7      | Reached **** piety under Cheibriados
  6215 | D:7      | Found Imurupt's Food Emporium.
  6229 | D:7      | Found a bloodstained altar of Trog.
  6565 | D:3      | Slain by Gartch4's ghost

Skill      XL: |  1  2  3  4  5  6  7  8  9 |
---------------+----------------------------+-----
Spellcasting   | 1 2 |  2.0
Stealth        | 3 4 5 6 7 8 |  8.9
Unarmed Combat | 5 6 7 |  7.1
Fighting       | 4 5 6 |  6.6
Dodging        | 4 5 6 |  6.4
Invocations    | 1 3 4 |  4.6

Action                   |  1- 3 |  4- 6 |  7- 9 || total
-------------------------+-------+-------+-------++-------
Melee: Unarmed           |    77 |   158 |   134 ||   369
       Constrict         |    19 |    43 |    26 ||    88
       Tentacles         |    16 |    31 |    57 ||   104
       Punch             |     1 |     3 |    13 ||    17
       Scimitar          |       |       |    40 ||    40
Throw: Tomahawk          |       |       |    11 ||    11
Invok: Temporal Distorti |       |       |     1 ||     1
Evoke: Wand              |       |     8 |     8 ||    16
  Use: Scroll            |       |     4 |     6 ||    10
       Potion            |       |       |     1 ||     1
 Stab: Sleeping          |    16 |    14 |     9 ||    39
       Distracted        |       |     1 |     1 ||     2
       Paralysed         |       |       |     7 ||     7
  Eat: Chunk             |     1 |     8 |    21 ||    30
Armor: Skin              |    16 |    26 |    20 ||    62
Dodge: Dodged            |    40 |    90 |   115 ||   245
